 Dungeon Crawl Stone Soup version 0.26.1-11-gd32895ea62 (webtiles) character file.

Game seed: 12757426306878442911

2314 Descartes the Grappler (level 9, -10/73 (76) HPs)
             Began as a Troll Hunter on June 6, 2021.
             Was a Follower of Qazlal.
             Splashed by a wight's acid (16 damage)
             ... on level 8 of the Dungeon.
             The game lasted 00:11:58 (5878 turns).

Descartes the Grappler (Troll Hunter)               Turns: 5878, Time: 00:11:59

HP:   -10/73 (76)   AC:  5    Str: 28    XL:     9   Next: 18%
MP:   3/10          EV: 14    Int:  5    God:    Qazlal [*.....]
Gold: 290           SH:  1    Dex: 13    Spells: 6/9 levels left

rFire    + . .     SeeInvis .     - Unarmed
rCold    . . .     Faith    .   (no shield)
rNeg     . . .     Spirit   .   z - +2 robe of Beyond {Str+6 Int-2}
rPois    .         Reflect  .   k - +1 hat
rElec    .         Harm     .   (no cloak)
rCorr    .         Rampage  .   (gloves unavailable)
Will     .....                  (boots unavailable)
Stlth    +.........             (no amulet)
HPRegen  0.62/turn              u - +4 ring of evasion
MPRegen  0.12/turn              q - ring of protection from fire

@: corroded, lightly drained
A: large, unfitting armour, claws 3, regeneration 1, shaggy fur 1, tough skin 3
a: Renounce Religion


You were on level 8 of the Dungeon.
You worshipped Qazlal.
Qazlal was aware of your devotion.
You visited 2 branches of the dungeon, and saw 9 of its levels.

You collected 506 gold pieces.
You spent 216 gold pieces at shops.

Inventory:

Hand Weapons
 y - the +4 mace of Giox {flame, rC++}
   (You found it on level 4 of the Dungeon)

   It has been specially enchanted to burn those struck by it, causing extra
   injury to most foes and up to half again as much damage against particularly
   susceptible opponents.
   It greatly protects you from cold.
Missiles
 a - 6 silver boomerangs
 c - 5 large rocks (quivered)
 d - 2 throwing nets
 g - 257 stones
 h - 45 poisoned darts
 D - 3 boomerangs
Armour
 b - a +0 robe
 k - a +1 hat (worn)
 z - the +2 robe of Beyond (worn) {Str+6 Int-2}
   (You found it on level 5 of the Dungeon)

   It affects your strength (+6).
   It affects your intelligence (-2).
Jewellery
 i - an uncursed ring of resist corrosion
 q - a ring of protection from fire (right claw)
 u - a +4 ring of evasion (left claw)
 C - a +6 ring of dexterity
Wands
 j - a wand of disintegration (16)
 v - a wand of acid (11)
 w - a wand of digging (3)
 A - a wand of iceblast (9)
Scrolls
 e - 2 scrolls of amnesia {unknown}
 l - a scroll of fog {unknown}
 m - 4 scrolls of immolation {unknown}
 o - 3 scrolls of blinking
 s - 3 scrolls of enchant armour {unknown}
 t - 9 scrolls of remove curse
 B - 2 scrolls of vulnerability {unknown}
 E - 2 scrolls of teleportation {unknown}
 F - 2 scrolls of noise
Potions
 f - 2 potions of magic
 n - 6 potions of curing
 p - 2 potions of attraction
 r - a potion of heal wounds
 x - a potion of invisibility
 G - a potion of berserk rage
 H - a potion of brilliance
 I - a potion of flight
 J - a potion of mutation
 K - a potion of might


   Skills:
 - Level 1.5 Fighting
 - Level 5.0 Throwing
 + Level 2.1 Dodging
 - Level 0.3 Stealth
 + Level 10.0 Unarmed Combat
 + Level 0.7 Spellcasting
 + Level 0.9 Hexes
 + Level 3.0 Invocations
 + Level 2.4 Evocations


You had 6 spell levels left.
You knew the following spells:

 Your Spells              Type           Power        Failure   Level
a - Confusing Touch       Hex            1%           71%         3

Your spell library contained the following spells:

 Spells                   Type           Power        Failure   Level
 Corona                   Hex            1%           34%         1
 Ensorcelled Hibernation  Hex/Ice        0%           52%         2
 Tukima's Dance           Hex            1%           71%         3
 Dazzling Flash           Conj/Hex       0%           77%         3


Dungeon Overview and Level Annotations

Branches:
Dungeon (8/15)             Temple (1/1) D:7
   Lair: D:8-11

Altars:
Cheibriados
Dithmenos
Elyvilon
Fedhas
Gozag
Hepliaklqana
Kikubaaqudgha
Makhleb
Nemelex Xobeh
Qazlal
Trog
Uskayaw
Vehumet
Wu Jian
Xom
Yredelemnul
Zin
The Shining One

Shops:
D:7 !


Innate Abilities, Weirdness & Mutations

You are too large for most types of armour.
You have claws for hands.
Your natural rate of healing is unusually fast.
You are covered in fur. (AC +1)
You have extremely tough skin. (AC +3)


Message History

You feel drained. The wight hits you but does no damage.
The wight hits you with a +3 hand axe.
You feel drained. The howler monkey closely misses you.
A white imp comes into view.
The howler monkey hits you.
The wight is engulfed in blazing flames.
The wight hits you with a cursed +2 falchion!
* * * LOW HITPOINT WARNING * * *
The wight is engulfed in blazing flames.
The howler monkey hoots and howls with incredible vigour!
You hear a bark!
You hear an angry growl.
You hear a shout!
Things that are here:
a +0 hand axe; an orc corpse; a bullfrog corpse
Items here: )) [ †.
You see here an arrow.
The howler monkey hoots and howls with incredible vigour!
The wight zaps a wand.
The bolt of acid hits you!
* * * LOW HITPOINT WARNING * * *
The acid corrodes you!
You are splashed with acid!
You die...

##...........######.(
##......#......#......
##.....)...<...........
#......................
#...........#.........
###........###.#####.#
#...†††...##.......#
#...†.†..###..##.....
#....†@(..##..# .##.
#......z.....## ..
.##....z(......# #....
........z)h†...##...# .
..........)z...#...#
..........z.......#
.<...............#.#
...........)...5.....
...?..............#..


You could see a howler monkey (catching breath), 5 wights and a white imp.

Vanquished Creatures
  Sigmund (D:2)
  A steam dragon (D:7)
  A water moccasin (D:6)
  A sky beast (D:7)
  An ogre (D:7)
  2 phantoms (D:4)
  An eye of draining (D:8)
  2 centaurs
  3 bullfrogs
  3 scorpions
  A crimson imp (D:5)
  A centaur zombie (D:5)
  2 centaur skeletons
  6 hounds
  A quasit (D:8)
  3 orc priests
  An orc wizard (D:8)
  3 bullfrog skeletons
  Terence (D:2)
  2 iguanas
  3 worker ants
  A hound skeleton (D:4)
  A howler monkey zombie (D:5)
  7 gnolls
  10 adders
  A shadow imp (D:6)
  An ufetubus (D:6)
  An adder zombie (D:8)
  2 worms
  2 dart slugs (D:2)
  5 leopard geckos
  19 orcs
  3 giant cockroaches
  10 goblins
  4 hobgoblins
  11 jackals
  6 kobolds
  A quokka (D:6)
  A ball python (D:8)
  6 bats
  3 frilled lizards
  A goblin skeleton (D:5)
  A goblin zombie (D:5)
  3 hobgoblin zombies (D:5)
  2 kobold skeletons (D:5)
  A kobold zombie (D:5)
  An orc skeleton (D:5)
  An orc zombie (D:5)
  8 rats
153 creatures vanquished.

Notes
Turn   | Place    | Note
-------+----------+-------------------------------------------
     0 | D:1      | Descartes the Troll Hunter began the quest for the Orb.
     0 | D:1      | Reached XP level 1. HP: 19/19 MP: 0/0
    54 | D:1      | Reached skill level 1 in Unarmed Combat
   215 | D:1      | Reached XP level 2. HP: 18/27 MP: 1/1
   874 | D:2      | Reached skill level 2 in Unarmed Combat
   874 | D:2      | Reached XP level 3. HP: 22/33 MP: 2/2
   938 | D:2      | Noticed Terence
   945 | D:2      | Killed Terence
  1062 | D:2      | Reached XP level 4. HP: 41/41 MP: 3/3
  1321 | D:2      | Noticed Sigmund
  1356 | D:2      | HP: 1/41 [something (3)]
  1390 | D:2      | Killed Sigmund
  1391 | D:2      | Reached skill level 5 in Throwing
  1391 | D:2      | Reached skill level 4 in Unarmed Combat
  1391 | D:2      | Reached XP level 5. HP: 4/48 MP: 4/4
  1784 | D:2      | Found a burning altar of Makhleb.
  1784 | D:2      | Noticed a green death
  2205 | D:3      | Found a radiant altar of Vehumet.
  2379 | D:3      | Found a snail-covered altar of Cheibriados.
  2454 | D:3      | Reached XP level 6. HP: 55/55 MP: 5/5
  2564 | D:4      | Found an opulent altar of Gozag.
  2609 | D:4      | Reached skill level 5 in Unarmed Combat
  2723 | D:4      | Found an ornate altar of the Wu Jian Council.
  2757 | D:4      | Noticed a spectral centipede
  2757 | D:4      | Noticed a spectral black mamba
  2757 | D:4      | Noticed a spectral cane toad
  2995 | D:4      | Reached skill level 6 in Unarmed Combat
  2995 | D:4      | Reached XP level 7. HP: 42/62 MP: 6/6
  3409 | D:4      | Got a crude mace
  3410 | D:4      | Identified the +4 mace of Giox {flame, rC++} (You found it
                  | on level 4 of the Dungeon)
  3430 | D:4      | Reached skill level 7 in Unarmed Combat
  3551 | D:5      | Entered Level 5 of the Dungeon
  3599 | D:5      | Got a creamy pearl robe
  3610 | D:5      | Identified the +2 robe of Beyond {Str+6 Int-2} (You found
                  | it on level 5 of the Dungeon)
  3759 | D:5      | Found a glowing golden altar of the Shining One.
  4031 | D:5      | Reached skill level 8 in Unarmed Combat
  4202 | D:6      | Found an ancient bone altar of Kikubaaqudgha.
  4228 | D:6      | Reached XP level 8. HP: 70/70 MP: 7/7
  4327 | D:6      | Found a hide-covered altar of Uskayaw.
  4396 | D:6      | Reached skill level 9 in Unarmed Combat
  4604 | D:6      | Found a stormy altar of Qazlal.
  4659 | D:6      | Became a worshipper of Qazlal Stormbringer
  5082 | D:7      | Reached skill level 1 in Invocations
  5082 | D:7      | Reached skill level 1 in Evocations
  5255 | D:7      | Found Cigic's Distillery.
  5262 | D:7      | Bought a potion of curing for 36 gold pieces
  5262 | D:7      | Bought a potion of flight for 36 gold pieces
  5262 | D:7      | Bought a potion of mutation for 96 gold pieces
  5262 | D:7      | Bought a potion of might for 48 gold pieces
  5320 | D:7      | Found a staircase to the Ecumenical Temple.
  5329 | D:7      | Learned a level 3 spell: Confusing Touch
  5331 | Temple   | Entered the Ecumenical Temple
  5560 | D:7      | Found a shimmering altar of Xom.
  5796 | D:8      | Reached XP level 9. HP: 38/76 MP: 9/9
  5804 | D:8      | Reached * piety under Qazlal
  5865 | D:8      | Reached skill level 10 in Unarmed Combat
  5878 | D:8      | Splashed by a wight's acid

Illustrated notes

Levels and vault maps discovered:
D:1:      dpeg_arrival_rooms_c, layout_basic
D:2:      layout_basic, makhleb_altar_promises_db, minmay_tree_intersection,
          minmay_diced_spiral, uniq_sigmund, uniq_terence
D:3:      layout_basic, nicolae_overflow_crystal_walls, lemuel_round_altar,
          kennysheep_generic_room_12
D:4:      layout_basic, pdpol_wu_jian_five_deadly_venoms,
          overflow_temple_1_default
D:5:      layout_gridville, nicolae_tso_besieged_by_evil, minmay_crystal_water
D:6:      layout_basic, kennysheep_mini_moat, lemuel_doored_altar, basic_altar
D:7:      layout_basic, old_standard_altar, minmay_temple_entry_offerings,
          serial_shops, nicolae_shop_crystal, item_on_display_a
D:8:      layout_cave_pools, lemuel_crystal_altar, general_overflow_altar
Temple:   dpeg_three_leaves_temple

Skill      XL: |  1  2  3  4  5  6  7  8  9 |
---------------+----------------------------+-----
Unarmed Combat | 1 2 4 6 8 9 10 | 10.0
Throwing       | 4 5 |  5.0
Invocations    | 2 3 |  3.0
Evocations     | 2 |  2.4
Dodging        | 2 |  2.1
Fighting       | |  1.5
Stealth        | |  0.3
Spellcasting   | |  0.7
Hexes          | |  0.9

Action                   |  1- 3 |  4- 6 |  7- 9 || total
-------------------------+-------+-------+-------++-------
Melee: Short sword       |    34 |       |       ||    34
       Unarmed           |    69 |   163 |   213 ||   445
       Punch             |     1 |     1 |     8 ||    10
Evoke: Wand              |       |       |     1 ||     1
  Use: Potion            |       |     1 |       ||     1
       Scroll            |       |       |     8 ||     8
 Stab: Sleeping          |       |     2 |     3 ||     5
Armor: Robe              |    59 |    43 |    75 ||   177
Dodge: Dodged            |    72 |    62 |   182 ||   316
